 Dungeon Crawl Stone Soup version 0.17-a0-1632-g0af21bd (console) character file.

76 Monkaria the Ducker (level 4, -3/21 HPs)
             Began as a Felid Berserker on Aug 3, 2015.
             Was a Believer of Trog.
             Killed by divine providence
             ... invoked by an orc priest
              (12 damage)
             ... on level 3 of the Dungeon.
             The game lasted 00:02:31 (2373 turns).

Monkaria the Ducker (Felid Berserker)               Turns: 2373, Time: 00:02:31

Health: -3/21      AC:  1    Str: 14    XL:     4   Next: 12%
Magic:  5/5        EV: 22    Int:  8    God:    Trog [**....]
Gold:   195        SH:  0    Dex: 15    Spells: 0 memorised, 3 levels left
                                        Lives:  0   Deaths: 1

rFire  + . .     SeeInvis +       - Unarmed
rCold  . . .     Clarity  .     (armour unavailable)
rNeg   . . .     SustAt   .     (shield unavailable)
rPois  .         Gourm    .     (helmet unavailable)
rElec  .         Spirit   .     (cloak unavailable)
rCorr  .         Warding  .     (gloves unavailable)
rMut   .         Stasis   .     (boots unavailable)
MR     .....                    (no amulet)
Stlth  ++........               (no ring)
                                g - ring of protection from fire

@: quick, not resistant to hostile enchantments, unstealthy
A: no armour, no weapons or thrown items, claws 1, fangs 3, see invisible,
carnivore 3, speed 1, shaggy fur 1, slow metabolism 1, sharp paws
a: Burn Spellbooks, Berserk, Trog's Hand, Renounce Religion


You were on level 3 of the Dungeon.
You worshipped Trog.
Trog was pleased with you.
You were very full.

You visited 1 branch of the dungeon, and saw 3 of its levels.

You collected 195 gold pieces.

Inventory:

Jewellery
 g - a ring of protection from fire (left paw)
 n - an uncursed ring of stealth {unknown}
Scrolls
 b - 3 scrolls of fear {unknown}
 d - a scroll of enchant armour {unknown}
 h - a scroll of identify {unknown}
 i - a scroll of magic mapping {unknown}
 j - 2 scrolls of recharging {unknown}
 l - a scroll of fog {unknown}
 p - a scroll of remove curse {unknown}
Potions
 c - 4 potions of curing {unknown}
 e - a potion of degeneration {unknown}
 f - a potion of brilliance {unknown}
 k - a potion of haste {unknown}
 m - a potion of lignification {unknown}
 o - a potion of might {unknown}
Comestibles
 a - 2 meat rations


   Skills:
 - Level 3.0 Fighting
 + Level 7.4 Dodging
 - Level 3.0 Unarmed Combat


You had 3 spell levels left.
You didn't know any spells.

Dungeon Overview and Level Annotations

Branches:
Dungeon (3/15)

Altars:
Cheibriados
Fedhas


Innate Abilities, Weirdness & Mutations

You cannot wear armour.
You are incapable of wielding weapons or throwing items.
You have sharp claws.
You have razor-sharp teeth.
You have supernaturally acute eyesight.
You are carnivorous and can eat meat at any time.
You cover ground quickly.
You are covered in fur (AC +1).
You have a slow metabolism.
Your sharp claws are effective at attacking unaware monsters.


Message History

No target in view!
No target in view!
No target in view!
No target in view!
The orc priest shouts!
The orc priest barely misses you.
You scratch the orc priest but do no damage.
The bat hits you.
The orc priest mumbles some strange prayers to Beogh against you.
Something smites you!
Ouch! That really hurt!
You scratch the orc priest but do no damage.
The bat barely misses you.
You scratch the orc priest but do no damage.
The bat closely misses you. The orc priest misses you.
You closely miss the orc priest. The bat misses you.
The orc priest calls down the wrath of Beogh upon you.
Something smites you!
Ouch! That really hurt!
You die...

#.#### #.....
#....#############.###.
####.##.............##.
#.##.##########..##.
#(....#.......#..##.
##.####.#####.#..##.
#.## #.## #.......
#..###..###########
##@b......(........
#o.#.#..##########
#.......# ##.#.#.##
#.....# #######


You could see an orc priest and a bat.

Vanquished Creatures
  3 adders
  3 gnolls (D:3)
  A worm (D:3)
  4 giant geckos
  5 orcs (D:3)
  A ball python (D:3)
  12 bats
  3 giant cockroaches
  4 goblins
  5 hobgoblins
  4 jackals (D:3)
  4 giant newts
  3 kobolds
  3 rats
55 creatures vanquished.

Notes
Turn   | Place    | Note
--------------------------------------------------------------
     0 | D:1      | Monkaria the Felid Berserker began the quest for the Orb.
     0 | D:1      | Reached XP level 1. HP: 10/10 MP: 2/2
   279 | D:1      | Reached XP level 2. HP: 12/14 MP: 3/3
   556 | D:1      | Reached skill level 5 in Dodging
   711 | D:2      | Found a snail-covered altar of Cheibriados.
   819 | D:2      | Reached XP level 3. HP: 17/17 MP: 4/4
   983 | D:2      | Found a blossoming altar of Fedhas.
  1024 | D:2      | Reached skill level 6 in Dodging
  1049 | D:2      | Acquired Trog's second power
  1414 | D:3      | Reached XP level 4. HP: 19/21 MP: 5/5
  1699 | D:3      | Killed from afar by an orc priest
  1700 | D:3      | Reached XP level 3. HP: -5/17 MP: 4/4
  1764 | D:3      | Reached skill level 7 in Dodging
  1770 | D:3      | Reached XP level 4. HP: 6/21 MP: 5/5
  2373 | D:3      | Killed from afar by an orc priest

Vault maps used:
D:1:      ncdulo_lavacross
D:2:      fedhas_altar_1, cheibriados_altar_1
D:3:      serial_glass, glass_columns_a, glass_columns_c, glass_columns_a,
          glass_columns_a, glass_columns_c, minmay_misc_feat_pillars

Action                   |  1- 3 |  4- 6 || total
-------------------------+-------+-------++-------
Melee: Unarmed           |   116 |    53 ||   169
Invok: Berserk           |     1 |       ||     1
       Trog's Hand       |     1 |       ||     1
 Stab: Sleeping          |     9 |     1 ||    10
  Eat: Chunk             |     8 |     8 ||    16
